 Dungeon Crawl Stone Soup version 0.29.1-12-g30fa7ad0bf (webtiles) character file.

Game seed: 11830991057301290587

304 Radix the Magician (level 6, 0/40 HPs)
             Began as a Djinni Fire Elementalist on Dec 13, 2022.
             Slain by a crimson imp
             ... wielding a +0 dagger of chaos
              (3 damage)
             ... on level 4 of the Dungeon.
             The game lasted 00:31:36 (4957 turns).

Radix the Magician (Djinni Fire Elementalist)       Turns: 4957, Time: 00:31:37

Health: 0/40       AC:  3    Str:  7    XL:     6   Next: 66%
Gold:   152        EV: 12    Int: 18    God:
                   SH:  0    Dex: 14

rFire   + + .      SeeInvis .   c - +0 spear
rCold   x . .      Faith    .   (no shield)
rNeg    . . .      Spirit   .   a - +0 robe
rPois   ∞          Reflect  .   (no helmet)
rElec   .          Harm     .   y - +0 cloak
rCorr   .          Rampage  .   (no gloves)
Will    .....                   (boots unavailable)
Stlth   ++........              B - amulet of the acrobat
HPRegen 0.13/turn               (no ring)
MPRegen 0.00/turn               (no ring)

@: attractive, flying
A: sickness immunity, fire resistance 2, cold vulnerability 1, float, innate
caster, HP casting, extra vitality 1
a: no special abilities


You were on level 4 of the Dungeon.
You visited 1 branch of the dungeon, and saw 4 of its levels.

You collected 152 gold pieces.

Inventory:

Hand Weapons
 b - a +0 dagger
 c - a +0 spear (weapon)
Armour
 a - a +0 robe (worn)
 y - a +0 cloak (worn)
Jewellery
 B - an amulet of the acrobat (around neck)
Scrolls
 e - 8 scrolls of identify {unknown}
 h - 5 scrolls of teleportation {unknown}
 i - a scroll of blinking {unknown}
 j - a scroll of poison {unknown}
 l - a scroll of magic mapping {unknown}
 m - a scroll of enchant weapon {unknown}
 n - a scroll of brand weapon {unknown}
 p - a scroll of immolation {unknown}
 q - a scroll of fear {unknown}
 r - a scroll of fog {unknown}
 u - a scroll of vulnerability {unknown}
 w - a scroll of noise {unknown}
 x - a scroll of enchant armour {unknown}
Potions
 f - 4 potions of mutation {unknown}
 g - a potion of berserk rage {unknown}
 k - a potion of ambrosia {unknown}
 o - a potion of brilliance {unknown}
 s - a potion of degeneration {unknown}
 t - a potion of curing {unknown}
 v - a potion of haste {unknown}
 z - a potion of flight
 A - a potion of cancellation {unknown}


   Skills:
 - Level 2.1 Dodging
 - Level 1.5 Stealth
 + Level 5.4 Spellcasting


You couldn't memorise any spells.
You knew the following spells:

 Your Spells              Type           Power      Damage    Failure   Level
a - Foxfire               Conj/Fire      96%        2x1d8     1%          1
b - Scorch                Fire           48%        2d7       1%          2
c - Conjure Flame         Conj/Fire      24%        6-21      4%          3
d - Inner Flame           Hex/Fire       24%        N/A       4%          3
e - Flame Wave            Conj/Fire      24%        2d8       14%         4
f - Slow                  Hex            96%        N/A       1%          1
g - Blink                 Tloc           48%        N/A       1%          2
Your spell library was empty.

Dungeon Overview and Level Annotations

Branches:
Dungeon (4/15)
 Temple: D:4-7

Altars:
Ashenzari
Gozag
Makhleb
Nemelex Xobeh
Ru
Xom
Zin

Shops:
D:3 *   D:4 :


Innate Abilities, Weirdness & Mutations

You are immune to sickness and miasma.
You are immune to poison.
Your flesh is very heat resistant. (rF++)
You are vulnerable to cold. (rC-)
You float through the air rather than walking.
You learn spells naturally, not from books.
Your magical power is your life essence.
You have superior vitality. (+4 MHP)


Message History

The crimson imp hits you with a +0 dagger of chaos.
You closely miss the crimson imp. The crimson imp barely misses you.
You hit the crimson imp.
The crimson imp is moderately wounded.
The crimson imp hits you but does no damage.
You barely miss the crimson imp.
The crimson imp is lightly wounded.
The crimson imp hits you but does no damage.
You hit the crimson imp but do no damage.
The crimson imp is lightly wounded.
The crimson imp hits you with a +0 dagger of chaos.
The crimson imp freezes you.
You hit the crimson imp.
The crimson imp is moderately wounded.
The crimson imp hits you but does no damage.
You completely miss the crimson imp.
The crimson imp is lightly wounded.
The crimson imp shouts, "Get thee gone, thou worthless ruttish Cock-Lorel!"
The crimson imp hits you with a +0 dagger of chaos.
You are electrocuted!
* * * LOW HITPOINT WARNING * * *
Casting: Scorch (safe; 1% risk of failure)
Confirm with . or Enter, or press ? or * to list all spells.
Flames lash the crimson imp but do no damage.
* * * LOW HITPOINT WARNING * * *
The crimson imp hits you with a +0 dagger of chaos.
* * * LOW HITPOINT WARNING * * *
You easily resist.
Casting: Scorch (safe; 1% risk of failure)
Confirm with . or Enter, or press ? or * to list all spells.
Flames lash the crimson imp.
The crimson imp completely resists.
* * * LOW HITPOINT WARNING * * *
The crimson imp misses you.
It was a potion of flight.
You feel more buoyant. The crimson imp misses you.
It was a potion of attraction.
You feel attractive to monsters.
The crimson imp hits you with a +0 dagger of chaos.
You die...

#.# #._..P. #.# #.# #....P.
#.# #.# ####.P... #.# #.#
#....P..P #.# #.# #.#.PP..P
#.########.# # #..P..P
#........#.# ### .#.P..PP
########.#.#.._####.#....†.
#.#@5...#........###
#.#>#)._#........ #.#.#
###.####### #.#.####..#
#.#.......#
#.######.########
#................
########.........
##########


You could see a crimson imp.

Vanquished Creatures
  A necrophage (D:4)
  A scorpion (D:4)
  8 adders
  3 gnolls (D:4)
  2 worms
  4 dart slugs
  3 orcs
  10 ball pythons
  4 endoplasms
  4 giant cockroaches
  4 goblins
  5 hobgoblins
  5 jackals (D:3)
  3 quokkas
  5 bats
  A frilled lizard (D:3)
  6 kobolds
  4 rats
73 creatures vanquished.

Vanquished Creatures (others)
  63 foxfires
  17 plants
80 creatures vanquished.

Grand Total: 153 creatures vanquished

Notes
Turn   | Place    | Note
-------+----------+-------------------------------------------
     0 | D:1      | Radix the Djinni Fire Elementalist began the quest for the
                  | Orb.
     0 | D:1      | Radix set off with the following spells memorised: Foxfire,
                  | Scorch, Conjure Flame, Inner Flame, Flame Wave.
     0 | D:1      | Reached XP level 1. HP: 15/15 MP: 0/0
   441 | D:1      | Reached XP level 2. HP: 19/21 MP: 0/0
   569 | D:1      | Reached skill level 3 in Spellcasting
  1209 | D:1      | Reached XP level 3. HP: 23/25 MP: 0/0
  1209 | D:1      | Learned a level 1 spell: Slow
  1860 | D:2      | Reached XP level 4. HP: 21/31 MP: 0/0
  2042 | D:2      | Found a sparkling altar of Nemelex Xobeh.
  2381 | D:2      | Found a faded altar of an unknown god.
  2877 | D:3      | Found a glowing silver altar of Zin.
  2929 | D:3      | Reached skill level 4 in Spellcasting
  3271 | D:3      | Reached XP level 5. HP: 34/35 MP: 0/0
  3271 | D:3      | Learned a level 2 spell: Blink
  3506 | D:3      | Found Beimim's Assorted Antiques.
  4037 | D:4      | Found Jehas's Book Boutique.
  4093 | D:4      | Found a broken altar of Ashenzari.
  4107 | D:4      | Found a sacrificial altar of Ru.
  4127 | D:4      | Reached XP level 6. HP: 24/40 MP: 0/0
  4373 | D:4      | Reached skill level 5 in Spellcasting
  4672 | D:4      | Found an opulent altar of Gozag.
  4946 | D:4      | Found a burning altar of Makhleb.
  4946 | D:4      | Found a shimmering altar of Xom.
  4957 | D:4      | Slain by a crimson imp

Illustrated notes

Levels and vault maps discovered:
D:1:      amcnicky_arrival_choice, layout_loops_corners
D:2:      layout_loops_ring, hellmonk_ecumenical_altar_lost_god, basic_altar,
          minmay_octomino_e4
D:3:      layout_basic, zin_treasury, mainiacjoe_overflow_boulevard,
          serial_shops, nicolae_shop_behind_doors
D:4:      layout_loops_ring, grunt_temple_overflow_champion_of_chaos,
          mainiacjoe_overflow_catch_the_wave, nicolae_dithmenos_shadow_blocks,
          mainiacjoe_overflow_chevrons, serial_shops, nicolae_shop_hallway_plus

Skill      XL: |  1  2  3  4  5  6 |
---------------+-------------------+-----
Spellcasting   | 3 4 5 |  5.4
Dodging        | |  2.1
Stealth        | |  1.5

Action                   |  1- 3 |  4- 6 || total
-------------------------+-------+-------++-------
Melee: Spear             |    26 |    17 ||    43
 Cast: Foxfire           |    34 |    16 ||    50
       Scorch            |     7 |    51 ||    58
       Inner Flame       |       |     2 ||     2
  Use: Potion            |       |     2 ||     2
Armor: Robe              |    10 |     8 ||    18
Dodge: Dodged            |    32 |    15 ||    47
